 Dungeon Crawl Stone Soup version 0.31.0-11-ge490571c62 (webtiles) character file.

Game seed: 6137050725994157563

399 Gadfly the Insei (level 6, -6/48 HPs)
             Began as a Demonspawn Monk on Feb 2, 2024.
             Mangled by a gnoll
             ... wielding a +0 halberd
              (8 damage)
             ... on level 4 of the Dungeon.
             The game lasted 00:04:00 (3533 turns).

Gadfly the Insei (Demonspawn Monk)                  Turns: 3533, Time: 00:04:01

Health: -6/48      AC:  4    Str: 13    XL:     6   Next: 53%
Magic:  6/6        EV: 13    Int: 10    God:
Gold:   208        SH:  0    Dex: 16    Spells: 5/5 levels left

rFire   . . .        b - +1 short sword (venom)
rCold   . . .        c - orb {light}
rNeg    . . .        a - +0 robe
rPois   .            (helmet restricted)
rElec   .            m - +0 cloak
rCorr   .            (no gloves)
SInv    .            (no boots)
Will    .....        (no amulet)
Stlth   +            (no ring)
HPRegen 0.28/turn    (no ring)
MPRegen 0.10/turn

%: no passive effects
@: glowing
A: antennae 1, rugged brown scales 1, spiny 1
a: no special abilities


You were on level 4 of the Dungeon.
You visited 1 branch of the dungeon, and saw 4 of its levels.

You collected 208 gold pieces.

Inventory:

Hand Weapons
 b - a +1 short sword of venom (weapon)
 i - a +2 antimagic dagger
Armour
 a - a +0 robe (worn)
 c - an orb of light (worn)
 m - a +0 cloak (worn)
Wands
 e - a wand of charming (21) (quivered)
 l - a wand of polymorph (7)
Scrolls
 f - a scroll of poison
 j - a scroll of vulnerability
Potions
 d - a potion of ambrosia
 h - a potion of haste
 k - a potion of berserk rage {unknown}


   Skills:
 - Level 3.0 Fighting
 + Level 3.5 Dodging
 * Level 4.2 Unarmed Combat
 * Level 3.3 Evocations
 * Level 2.7 Shapeshifting


You had 5 spell levels left.
You didn't know any spells.
Your spell library was empty.

Dungeon Overview and Level Annotations

Branches:
Dungeon (4/15)
 Temple: D:4-7

Altars:


Innate Abilities, Weirdness & Mutations

You have a pair of small antennae on your head.
You are partially covered in rugged brown scales. (AC +1, +3% HP)
You are partially covered in sharp spines.


Message History

The gnoll hits you from afar with a +0 halberd!
The centaur zombie is struck by your spines.
You destroy the centaur zombie!
The gnoll barely misses you.
Your +1 short sword of venom begins to drip with poison!
b - a +1 short sword of venom (weapon)
The gnoll closely misses you.
Unknown command.
You barely miss the gnoll. The gnoll closely misses you.
The gnoll barely misses you. The gnoll hits you with a +0 halberd!
The gnoll hits you but does no damage. The gnoll is struck by your spines.
The gnoll hits you with a +0 halberd!
* * * LOW HITPOINT WARNING * * *
Things that are here:
a +0 dagger; a +0 robe; an orc corpse You feel better.
The gnoll is struck by your spines. The gnoll barely misses you.
The gnoll hits you with a +0 whip.
* * * LOW HITPOINT WARNING * * *
The gnoll hits you with a +0 halberd!
* * * LOW HITPOINT WARNING * * *
Aiming: Charm
Press: ? - help, Shift-Dir - straight line, f - gnoll
Aim: a gnoll, wielding a +0 halberd (lightly wounded, haloed, chance to affect: 66%)
The gnoll is charmed.
The gnoll closely misses you. The gnoll hits you with a +0 halberd.
* * * LOW HITPOINT WARNING * * *
The gnoll is struck by your spines. The gnoll closely misses you. x2
Things that are here:
a +0 short sword; a +0 chain mail The gnoll is struck by your spines.
The gnoll hits you with a +0 whip.
* * * LOW HITPOINT WARNING * * *
Okay, then.
The gnoll barely misses your gnoll.
Okay, then.
The gnoll attacks as it pursues you!
The gnoll hits you from afar with a +0 halberd.
* * * LOW HITPOINT WARNING * * *
The gnoll throws a throwing net.
The throwing net barely misses you.
The gnoll hits you from afar with a +0 halberd!
You die...

##........ ### ##...g.....
######.###..........
##...#...###.........
#....#.#...#.........
###.......))...........
.##.......gg.............
.........g####....#......
........@## #.(..#......
.>.(....#####......[....
##..........))..........
..##.........###......... ..
.........รท.)..##......... .
......#........##....[... . .
#....##...##..##........
.<##.#.........###.#.........
.....#........###............


You could see 2 gnolls and a friendly gnoll (charmed).

Vanquished Creatures
  2 bombardier beetles
  A centaur zombie (D:4)
  A hound (D:4)
  A sleepcap (D:4)
  2 scorpion zombies (D:4)
  An orc wizard (D:4)
  Ijyb (D:4)
  3 gnolls
  4 adders
  An adder zombie (D:4)
  An adder skeleton (D:4)
  A dart slug (D:1)
  6 ribbon worms
  7 orcs
  4 ball pythons
  2 endoplasms
  2 giant cockroaches
  7 hobgoblins
  3 bats
  3 frilled lizards
  4 goblins
  4 kobolds
  A rat (D:3)
62 creatures vanquished.

Notes
Turn   | Place    | Note
-------+----------+-------------------------------------------
     0 | D:1      | Gadfly the Demonspawn Monk began the quest for the Orb.
     0 | D:1      | Reached XP level 1. HP: 18/18 MP: 1/1
   433 | D:1      | Gained mutation: You are partially covered in sharp spines.
                  | [demonic ancestry]
   433 | D:1      | Reached XP level 2. HP: 24/24 MP: 2/2
   715 | D:2      | Reached skill level 1 in Evocations
   767 | D:2      | Noticed a bombardier beetle
   771 | D:2      | Killed a bombardier beetle
   772 | D:2      | Reached skill level 3 in Unarmed Combat
   772 | D:2      | Reached skill level 1 in Shapeshifting
   772 | D:2      | Gained mutation: You have a pair of small antennae on your
                  | head. [demonic ancestry]
   772 | D:2      | Reached XP level 3. HP: 29/29 MP: 3/3
  1226 | D:2      | Gained mutation: You are partially covered in rugged brown
                  | scales. (AC +1, +3% HP) [demonic ancestry]
  1226 | D:2      | Reached XP level 4. HP: 29/36 MP: 4/4
  2139 | D:3      | Found a faded altar of an unknown god.
  2288 | D:3      | Reached XP level 5. HP: 19/42 MP: 5/5
  3112 | D:4      | Noticed Ijyb
  3123 | D:4      | Killed Ijyb
  3166 | D:4      | Reached skill level 4 in Unarmed Combat
  3166 | D:4      | Reached XP level 6. HP: 25/48 MP: 6/6
  3529 | D:4      | HP: 1/48 [gnoll/+0 whip (4)]
  3533 | D:4      | Mangled by a gnoll

Illustrated notes

Levels and vault maps discovered:
D:1:      lemuel_arrival_cross, layout_loops_cross, minmay_statues_item,
          chequers_jeans
D:2:      layout_loops_corners, nicolae_wormholes
D:3:      layout_basic, dreamdust_ecumenical_altar_grove
D:4:      layout_cave_pools, mainiacjoe_overflow_catwalk,
          mainiacjoe_overflow_alcove_4, serial_undead, serial_undead_c,
          serial_undead_f, serial_undead_b, serial_undead_c, uniq_ijyb

Skill      XL: |  1  2  3  4  5 |
---------------+----------------+-----
Evocations     | 1 2 3 |  3.3
Unarmed Combat | 3 4 |  4.2
Shapeshifting  | 1 2 |  2.7
Dodging        | 3 |  3.5
Fighting       | |  3.0

Action                     |  1- 3 |  4- 6 || total
---------------------------+-------+-------++-------
  Melee: Unarmed           |    34 |    38 ||    72
         Short sword       |    31 |    92 ||   123
  Evoke: Wand              |       |     1 ||     1
    Use: Scroll            |     1 |     7 ||     8
         Potion            |       |     1 ||     1
 Armour: Robe              |    19 |    87 ||   106
  Dodge: Dodged            |    42 |   100 ||   142
